 Dungeon Crawl Stone Soup version 0.28.0 (webtiles) character file.

Game seed: 214009226662694593

7766 Hasart the Carver (level 10, -2/83 HPs)
             Began as a Demigod Fighter on Feb 11, 2022.
             Killed from afar by an orc sorcerer (34 damage)
             ... with a bolt of fire
             ... on level 1 of the Orcish Mines.
             The game lasted 00:30:56 (14928 turns).

Hasart the Carver (Demigod Fighter)                Turns: 14928, Time: 00:30:57

Health: -2/83      AC: 15    Str: 21      XL:     10   Next: 69%
Magic:  13/13      EV: 14    Int:  9 (10) God:
Gold:   649        SH: 12    Dex: 27      Spells: 9/9 levels left

rFire   . . .      SeeInvis .   F - +4 long sword
rCold   + . .      Faith    .   r - +0 kite shield
rNeg    . . .      Spirit   .   i - +3 ring mail {rC+}
rPois   +          Reflect  .   g - +1 helmet
rElec   .          Harm     .   D - +1 cloak {rPois}
rCorr   .          Rampage  .   (no gloves)
Will    +....                   E - +0 pair of boots
Stlth   +.........              (no amulet)
HPRegen 0.23/turn               o - +6 ring of dexterity
MPRegen 0.13/turn               (no ring)

@: no status effects
A: high MP 1, forlorn, divine attributes
a: no special abilities


You were on level 1 of the Orcish Mines.
You visited 2 branches of the dungeon, and saw 11 of its levels.

You collected 649 gold pieces.

Inventory:

Hand Weapons
 a - a +0 long sword
 j - a +1 short sword of venom
 F - a +4 long sword (weapon)
Missiles
 c - 2 silver boomerangs (quivered)
 d - 12 poisoned darts
 m - 9 boomerangs
 x - 4 datura-tipped darts
Armour
 f - +0 acid dragon scales
 g - a +1 helmet (worn)
 i - a +3 ring mail of cold resistance (worn)
 r - a +0 kite shield (worn)
 D - a +1 cloak of poison resistance (worn)
 E - a +0 pair of boots (worn)
Jewellery
 o - a +6 ring of dexterity (left hand)
Wands
 n - a wand of paralysis (29)
 q - a wand of polymorph (12)
 z - a wand of mindburst (16)
 C - a wand of flame (15)
Scrolls
 h - 4 scrolls of teleportation
 k - a scroll of holy word
 t - a scroll of identify
 u - a scroll of blinking
Potions
 b - 3 potions of haste
 e - a potion of lignification
 l - a potion of resistance {unknown}
 p - a potion of curing


   Skills:
 + Level 6.1 Fighting
 * Level 8.4 Long Blades
 + Level 5.1 Throwing
 + Level 6.3 Armour
 + Level 5.4 Dodging
 + Level 6.2 Shields
 + Level 4.6 Evocations


You had 9 spell levels left.
You didn't know any spells.
Your spell library contained the following spells:

 Spells                   Type           Power      Damage    Failure   Level
 Dazzling Flash           Conj/Hex       0%         N/A       99%         3
 Agony                    Necr           0%         N/A       100%        5
 Silence                  Hex/Air        0%         N/A       100%        5


Dungeon Overview and Level Annotations

Branches:
Dungeon (10/15)            Temple (0/1) D:4            Lair (0/6) D:9
    Orc (1/2) D:10

Shops:
D:4 =

Annotations:
D:6 3 runed translucent doors, p0werm0de's ghost, novice OpDe


Innate Abilities, Weirdness & Mutations

You have an increased reservoir of magic. (+10% MP)
You shall have no god before yourself.
Your divine heritage dramatically boosts your attributes as you level up.


Message History

The silver boomerang hits the orc sorcerer.
The orc sorcerer is severely wounded.
Throw: 2 boomerangs (silver)
Press: ? - help, Q - select action, (/) - cycle Shift-Dir - straight line, f/p - orc sorcerer
Aim: an orc sorcerer, wielding a +0 dagger and wearing a +0 robe (severely wounded, 64% to hit)
You throw a silver boomerang.
The silver boomerang closely misses the orc sorcerer.
The orc sorcerer casts a spell at you.
The bolt of negative energy hits the orange demon.
The orange demon completely resists.
The bolt of negative energy misses you.
Throw: 2 boomerangs (silver)
Press: ? - help, Q - select action, (/) - cycle Shift-Dir - straight line, f/p - orc sorcerer
Aim: an orc sorcerer, wielding a +0 dagger and wearing a +0 robe (severely wounded, 64% to hit)
You throw a silver boomerang.
The silver boomerang hits the orange demon.
The orange demon is lightly wounded.
You block the orange demon's attack.
Throw: 2 boomerangs (silver)
Press: ? - help, Q - select action, (/) - cycle Shift-Dir - straight line, f/p - orc sorcerer
Aim: an orc sorcerer, wielding a +0 dagger and wearing a +0 robe (severely wounded, 64% to hit)
You throw a silver boomerang.
The silver boomerang closely misses the orc sorcerer.
The orange demon misses you.
Throw: 2 boomerangs (silver)
Press: ? - help, Q - select action, (/) - cycle Shift-Dir - straight line, f/p - orc sorcerer
Aim: an orc sorcerer, wielding a +0 dagger and wearing a +0 robe (severely wounded, 64% to hit)
You throw a silver boomerang.
The silver boomerang hits the orc sorcerer but does no damage.
The orc sorcerer is severely wounded.
You block the orange demon's attack. The orc sorcerer completely misses you.
The orange demon stings you from afar.
You hit the orc sorcerer.
The orc sorcerer is almost dead.
The orc sorcerer howls an incantation.
You feel disoriented.
The orc sorcerer casts a spell.
You block the orange demon's attack. The orc sorcerer casts a spell at you.
The bolt of fire hits you!!
You die...

#.. .# ##.. ..#
#...### .>.#
#...... ##....
#....##>....
##...4...#
#........##
#.#.@o4..#
##..#.......
##..###.#....
####..######
... #.#......#
.
###..#.#...#..
#....####..#..
##......###...#
#...#...#.#..##


You could see an orange demon (summoned), a rust devil (summoned) and an orc
sorcerer.

Vanquished Creatures
  2 death yaks (D:8)
  Maurice (D:8)
  Sigmund (D:2)
  2 wyverns (D:8)
  A wraith (Orc:1)
  3 yaks (D:8)
  Grum (D:8)
  A steam dragon (D:9)
  An acid dragon (D:9)
  4 orc warriors
  2 sky beasts
  4 black bears
  A necrophage (D:7)
  2 ice beasts
  3 ogres
  4 centaurs
  4 wolves (D:8)
  2 kobold brigands (D:7)
  2 bullfrogs (D:7)
  A wyvern zombie (D:8)
  3 gnoll sergeants
  A water moccasin zombie (D:5)
  2 scorpions
  3 killer bees (D:10)
  A water moccasin skeleton (D:6)
  13 wights
  3 howler monkeys
  2 centaur zombies
  9 orc priests
  A gnoll shaman (D:6)
  6 jellies
  2 hounds
  A bullfrog skeleton (D:6)
  A centaur skeleton (D:6)
  2 iguanas
  8 orc wizards
  A killer bee zombie (D:7)
  2 howler monkey zombies
  Robin (D:2)
  8 adders
  15 gnolls
  A shadow imp (D:6)
  3 worms
  A dart slug (D:2)
  39 orcs
  5 ball pythons
  7 endoplasms
  4 giant cockroaches
  12 goblins
  10 hobgoblins
  6 jackals
  11 kobolds
  5 quokkas
  3 bats
  2 frilled lizards
  8 rats
244 creatures vanquished.

Notes
Turn   | Place    | Note
-------+----------+-------------------------------------------
     0 | D:1      | Hasart the Demigod Fighter began the quest for the Orb.
     0 | D:1      | Reached XP level 1. HP: 18/18 MP: 3/3
   363 | D:1      | Reached skill level 2 in Long Blades
   391 | D:1      | Reached XP level 2. HP: 24/25 MP: 4/4
   953 | D:2      | Noticed Robin
  1268 | D:1      | Reached XP level 3. HP: 27/30 MP: 5/5
  1367 | D:2      | Killed Robin
  1368 | D:2      | Reached skill level 1 in Dodging
  1666 | D:2      | Noticed Sigmund
  1682 | D:2      | Killed Sigmund
  1683 | D:2      | Reached skill level 3 in Long Blades
  1683 | D:2      | Reached XP level 4. HP: 19/38 MP: 6/6
  1683 | D:2      | Reached XP level 5. HP: 22/45 MP: 7/7
  2386 | D:3      | Reached XP level 6. HP: 43/51 MP: 8/8
  2979 | D:4      | Found Rityxo Mull's Jewellery Shoppe.
  3161 | D:4      | Reached skill level 4 in Long Blades
  3193 | D:4      | Reached skill level 1 in Throwing
  3558 | D:4      | Reached XP level 7. HP: 58/58 MP: 9/9
  3595 | D:4      | Found a staircase to the Ecumenical Temple.
  3789 | D:5      | Entered Level 5 of the Dungeon
  4419 | D:5      | Reached skill level 1 in Evocations
  5307 | D:6      | Reached skill level 5 in Long Blades
  5659 | D:6      | Reached XP level 8. HP: 60/66 MP: 10/10
  6157 | D:6      | Found a runed translucent gate.
  6158 | D:6      | Found a runed translucent gate.
  6158 | D:6      | Found a runed translucent gate.
  6160 | D:6      | Noticed p0werm0de's ghost (novice OpDe)
  7349 | D:7      | Reached skill level 6 in Long Blades
  7730 | D:7      | Reached skill level 5 in Armour
  7730 | D:7      | Reached XP level 9. HP: 73/73 MP: 11/11
  8017 | D:7      | Reached skill level 5 in Shields
  8367 | D:8      | Reached skill level 5 in Fighting
  8504 | D:8      | Identified the +0 leather armour "Vongyeju" {rF- rCorr
                  | Dex+2 SInv}
  9108 | D:8      | Noticed Maurice
  9118 | D:8      | Killed Maurice
  9243 | D:8      | Reached skill level 7 in Long Blades
  9674 | D:8      | Noticed Grum
  9693 | D:8      | Killed Grum
 11169 | D:9      | Reached XP level 10. HP: 81/81 MP: 13/13
 11281 | D:9      | Noticed a death yak
 11282 | D:9      | Found a staircase to the Lair.
 11282 | D:9      | Noticed a death yak
 11602 | D:8      | Killed a death yak
 11603 | D:8      | Reached skill level 5 in Dodging
 11918 | D:9      | Noticed a death yak
 12470 | D:8      | Killed a death yak
 12471 | D:8      | Reached skill level 8 in Long Blades
 13289 | D:9      | You fall into a shaft and drop 1 floor!
 13289 | D:10     | Entered Level 10 of the Dungeon
 13296 | D:10     | Found a staircase to the Orcish Mines.
 13355 | Orc:1    | Entered Level 1 of the Orcish Mines
 13579 | D:10     | Reached skill level 5 in Throwing
 14919 | Orc:1    | Noticed an orc sorcerer
 14928 | Orc:1    | Killed from afar by an orc sorcerer

Illustrated notes

Levels and vault maps discovered:
D:1:      lightli_arrival_boilingwater, layout_loops_cross,
          hellmonk_ecumenical_altar_crossroads, minmay_tromino_v4_c
D:2:      layout_basic, chequers_serial_rivers_marsh, uniq_robin, uniq_sigmund
D:3:      layout_rooms
D:4:      layout_basic, mainiacjoe_overflow_alcove_2,
          minmay_temple_entry_junction_2, serial_shops, shop
D:5:      layout_basic, mainiacjoe_overflow_large_starburst,
          kennysheep_cross_bottleneck, kennysheep_big_empty_room
D:6:      kennysheep_spiral_hall, layout_basic, minitemple,
          mainiacjoe_overflow_chevrons, mainiacjoe_overflow_tiny_flanked,
          ebering_ghost_rock_garden, grunt_ministairs_1, serial_park_tiny_pond
D:7:      layout_loops_ring, grunt_decor_clamped
D:8:      layout_gridville, uniq_maurice, uniq_grum
D:9:      layout_basic, tso_altar, dpeg_lair_monsters
D:10:     layout_long_grid, lemuel_tele_altar, david_orc_3, solitary_fountain
Orc:1:    layout_diamond_mine

Skill      XL: |  1  2  3  4  5  6  7  8  9 10 |
---------------+-------------------------------+-----
Long Blades    | 2 3 4 5 6 7 8 |  8.4
Armour         | 3 4 5 6 |  6.3
Dodging        | 1 2 3 4 5 |  5.4
Shields        | 3 4 5 6 |  6.2
Fighting       | 3 4 5 6 |  6.1
Throwing       | 1 2 3 4 5 |  5.1
Evocations     | 1 2 3 4 |  4.6

Action                   |  1- 3 |  4- 6 |  7- 9 | 10-12 || total
-------------------------+-------+-------+-------+-------++-------
Melee: Long sword        |   130 |    48 |   177 |   265 ||   620
       Short sword       |       |   103 |   351 |       ||   454
Throw: Boomerang         |       |       |    43 |     9 ||    52
       Dart              |       |       |       |     6 ||     6
Evoke: Wand              |       |       |     4 |       ||     4
  Use: Potion            |     1 |       |     1 |     5 ||     7
       Scroll            |       |       |    11 |     1 ||    12
 Stab: Sleeping          |       |     1 |       |       ||     1
       Distracted        |       |       |     2 |       ||     2
Armor: Scale mail        |    60 |       |       |       ||    60
       Ring mail         |     1 |    58 |   193 |    88 ||   340
       Skin              |       |       |     8 |     3 ||    11
Dodge: Dodged            |    80 |    73 |   313 |   166 ||   632
Block: Buckler           |    25 |    42 |   204 |    77 ||   348
       Kite shield       |       |       |       |    56 ||    56
